 Dungeon Crawl Stone Soup version 0.27.1 (webtiles) character file.

Game seed: 9565099619289825865

88 a11behringer the Skirmisher (level 4, -1/37 HPs)
             Began as a Palentonga Fighter on Aug 25, 2021.
             Slain by Terence (7 damage)
             ... on level 2 of the Dungeon.
             The game lasted 00:07:51 (1814 turns).

a11behringer the Skirmisher (Palentonga Fighter)    Turns: 1814, Time: 00:07:56

Health: -1/37      AC:  7    Str: 19    XL:     4   Next: 30%
Magic:  4/4        EV:  5    Int:  8    God:
Gold:   49         SH:  8    Dex: 11    Spells: 3/3 levels left

rFire    . . .     SeeInvis +   a - +0 long sword
rCold    . . .     Faith    .   c - +0 kite shield
rNeg     . . .     Spirit   .   b - +0 scale mail
rPois    .         Reflect  .   (no helmet)
rElec    .         Harm     .   m - +0 cloak
rCorr    .         Rampage  .   (no gloves)
Will     .....                  (no barding)
Stlth    ..........             j - amulet of magic regeneration
HPRegen  0.12/turn              (no ring)
MPRegen  0.34/turn              (no ring)

@: no status effects
A: large, rugged brown scales 3, see invisible, deformed body, roll 1, armoured
tail
a: Rolling Charge


You were on level 2 of the Dungeon.
You visited 1 branch of the dungeon, and saw 2 of its levels.

You collected 49 gold pieces.

Inventory:

Hand Weapons
 a - a +0 long sword (weapon)
 i - a +0 whip of electrocution
Armour
 b - a +0 scale mail (worn)
 c - a +0 kite shield (worn)
 m - a +0 cloak (worn)
Jewellery
 j - an amulet of magic regeneration (around neck)
Scrolls
 e - a scroll of identify {unknown}
 g - a scroll of noise {unknown}
 h - a scroll of amnesia {unknown}
 k - 2 scrolls of teleportation {unknown}
 n - a scroll of acquirement {unknown}
 o - a scroll of enchant weapon {unknown}
Potions
 d - 2 potions of might
 f - a potion of curing {unknown}
 l - a potion of brilliance {unknown}


   Skills:
 + Level 3.3 Fighting
 * Level 3.3 Long Blades
 + Level 2.9 Armour
 + Level 0.3 Dodging
 + Level 2.7 Shields


You had 3 spell levels left.
You didn't know any spells.
Your spell library was empty.

Dungeon Overview and Level Annotations

Branches:
Dungeon (2/15)

Altars:

Annotations:
D:2 Terence


Innate Abilities, Weirdness & Mutations

You are completely covered in rugged brown scales. (AC +3, +7% HP)
You have supernaturally acute eyesight. (SInv)
Armour fits poorly on your strangely shaped body.
You can roll at nearby foes to attack.
You have a long armoured tail.


Message History

You barely miss Natasha. Natasha claws you but does no damage.
You block Natasha's attack.
You slash Natasha!
Natasha is heavily wounded.
Natasha claws you but does no damage.
Terence the Incautious comes into view.
He is wielding a +0 hand axe.
Terence shouts!
You hit Natasha.
Natasha is almost dead.
Natasha claws you. You block the kobold's attack.
Natasha claws you but does no damage.
You closely miss Natasha.
Natasha is almost dead.
The kobold hits you but does no damage.
Natasha casts a spell.
The kobold hits you but does no damage.
You closely miss Natasha.
Natasha is almost dead.
Natasha claws you. The kobold hits you but does no damage.
Natasha growls.
Natasha claws you!
You barely miss Natasha.
Natasha is almost dead.
The kobold hits you but does no damage.
The crimson imp blinks!
You block Natasha's attack. The kobold barely misses you.
You riposte.
Your shield prevents you from hitting the kobold.
You closely miss Natasha.
Natasha is almost dead.
The crimson imp disappears for a moment.
Natasha claws you!
* * * LOW HITPOINT WARNING * * *
You block the kobold's attack.
You hit Natasha.
You kill Natasha!
Natasha growls in agony!
The crimson imp disappears in a puff of smoke!
Terence shouts, "Get ready for death!"
The kobold completely misses you. You block the ball python's attack.
Terence hits you with a +0 hand axe!
You die...

##...# ..... ##
##..#.##..... #.
#..........# ####.
.####......<.... ....
.......#†...#.# ....
.........)..#.# #.
............#.# #.
#...§K@......# # # #.
#....S@......###.#.#
##
..#######...#.......#
# ##..........#
#..#......# #
#####............##
#......##.......w#.
#.####.# ......#...
.#.####>#
#.##...##.##..
........#
#......##.##.#


You could see Terence, a ball python and a kobold.

Vanquished Creatures
  Natasha (twice) (D:2)
  A worm (D:2)
  8 endoplasms
  2 giant cockroaches (D:1)
  5 goblins
  4 hobgoblins
  11 jackals (D:1)
  A quokka (D:1)
  3 ball pythons (D:1)
  7 bats
  A frilled lizard (D:2)
  5 kobolds
  3 rats (D:1)
53 creatures vanquished.

Notes
Turn   | Place    | Note
-------+----------+-------------------------------------------
     0 | D:1      | a11behringer the Palentonga Fighter began the quest for the
                  | Orb.
     0 | D:1      | Reached XP level 1. HP: 19/19 MP: 1/1
   283 | D:1      | Reached XP level 2. HP: 25/25 MP: 2/2
   475 | D:1      | Reached XP level 3. HP: 18/31 MP: 3/3
  1349 | D:2      | Noticed Natasha
  1362 | D:2      | Killed Natasha
  1363 | D:2      | Reached XP level 4. HP: 14/37 MP: 4/4
  1803 | D:2      | Noticed Natasha
  1808 | D:2      | Noticed Terence
  1814 | D:2      | Killed Natasha
  1814 | D:2      | Slain by Terence

Illustrated notes

Levels and vault maps discovered:
D:1:      ncdulo_lavacross, layout_loops_ring, minmay_misc_feat_hallway
D:2:      layout_rooms, uniq_terence, uniq_natasha

Skill      XL: |  1  2  3 |
---------------+----------+-----
Long Blades    | 3 |  3.3
Fighting       | |  3.3
Armour         | |  2.9
Dodging        | |  0.3
Shields        | |  2.7

Action                   |  1- 3 |  4- 6 || total
-------------------------+-------+-------++-------
Melee: Long sword        |    79 |    40 ||   119
       Tailslap          |     7 |     5 ||    12
Armor: Scale mail        |    51 |    15 ||    66
Dodge: Dodged            |    27 |    10 ||    37
Block: Kite shield       |    51 |    16 ||    67
       Rpst.: Long sword |    11 |     4 ||    15
